Map: Cyber Forest LE

Players

Gemini - Winner!

  • Race: Zerg Zerg
  • League: Grandmaster
  • Spawn Location: 11:00

DankMaster

  • Race: Zerg Zerg
  • League: Master
  • Spawn Location: 5:00

VOD

Have the link to the VOD?

Description

Time

  • Played on: July 6, 2019, 1:56 p.m.
  • Length: 5:51
Show
View Real Time Build Order
Export as new Build Order

Gemini Zerg - Winner!

Build Orders: Pool First, Zergling Baneling 

Get SALT Encoding   

  12  0:01  Drone  
  13  0:14  Overlord  
  13  0:18  Drone  
  14  0:35  Drone x2  
  16  0:41  Drone  
  17  0:43  Extractor  
  16  0:50  Drone  
  16  0:52  Spawning Pool  
  16  1:03  Drone  
  17  1:09  Drone  
  18  1:23  Hatchery  
  17  1:28  Drone  
  18  1:40  Queen  
  18  1:42  Zergling x2  
  18  1:44  Zergling x2  
  22  1:50  Metabolic Boost  
  22  1:57  Overlord  
  22  2:13  Baneling Nest  
  21  2:19  Zergling x2  
  21  2:20  Zergling x2  
  23  2:27  Queen  
  26  2:44  Zergling x6  
  28  3:04  Baneling x5  
  28  3:09  Overlord  
  28  3:10  Zergling x10  
  33  3:20  Zergling x2  
  33  3:21  Zergling x4  
  30  3:38  Zergling x10  
  35  3:41  Baneling x2  
  35  3:43  Baneling  
  35  3:47  Baneling x2  
  33  4:12  Baneling x4  
  25  4:25  Zergling x8  
  25  4:26  Zergling x8  
  32  4:35  Zergling x6  
  35  4:40  Baneling x2  
  35  4:47  Zergling x4  
  29  5:08  Baneling x2  
  29  5:09  Baneling x2  
Show
View Real Time Build Order
Export as new Build Order

DankMaster Zerg 

Build Orders: Hatch First, Zergling Baneling 

Get SALT Encoding   

  12  0:00  Drone  
  13  0:09  Drone  
  14  0:15  Extractor  
  14  0:16  Drone  
  15  0:38  Hatchery  
  15  0:41  Extractor  
  13  0:44  Drone  
  14  1:01  Spawning Pool  
  13  1:05  Drone  
  14  1:16  Overlord  
  14  1:47  Metabolic Boost  
  14  1:49  Zergling x6  
  14  1:54  Queen  
  19  2:05  Baneling Nest  
  18  2:10  Zergling x2  
  20  2:15  Zergling x2  
  20  2:20  Zergling x2  
  21  2:27  Zergling x2  
  22  2:38  Zergling x4  
  22  2:43  Zergling x2  
  24  2:47  Zergling x2  
  25  2:51  Zergling x2  
  25  2:56  Baneling  
  26  2:59  Zergling x2  
  26  3:05  Zergling x2  
  28  3:21  Overlord  
  18  3:36  Zergling x6  
  21  3:45  Zergling x2  
  22  3:48  Baneling  
  22  3:49  Baneling x4  
  22  3:56  Zergling x2  
  22  3:58  Zergling x2  
  23  4:11  Zergling x4  
  24  4:23  Zergling x2  
  24  4:24  Zergling x4  
  19  4:35  Baneling  
  19  4:36  Baneling x2  
  19  4:37  Baneling  
  19  4:38  Zergling x2  
  20  4:41  Zergling x2  
  21  4:46  Zergling x2  
  21  4:53  Zergling x2  
  19  5:09  Zergling x6  
  19  5:10  Zergling x2  
  22  5:16  Baneling x2  
  21  5:23  Zergling x4  
Tags
 
Add a new tag
Caveats
  • Supply blocks, unpowered buildings, or Contaminate may cause inaccurate times.
  • Supply counts are checked every 10 seconds.